 Dungeon Crawl Stone Soup version 0.21-a0-270-g8204059 (webtiles) character file.

8 tidbits the Insei (level 1, -2/15 HPs)
             Began as a Demigod Transmuter on Sept 13, 2017.
             Slain by an ooze (3 damage)
             ... on level 1 of the Dungeon.
             The game lasted 00:01:39 (216 turns).

tidbits the Insei (Demigod Transmuter)               Turns: 216, Time: 00:01:40

Health: -2/15      AC:  2    Str: 13    XL:     1   Next: 80%
Magic:  4/5        EV: 12    Int: 17    God:
Gold:   16         SH:  0    Dex: 16    Spells: 3/4 levels left

rFire    . . .     SeeInvis .   a - +0 whip
rCold    . . .     Gourm    .   (no shield)
rNeg     . . .     Faith    .   b - +0 robe
rPois    .         Spirit   .   (no helmet)
rElec    .         Reflect  .   (no cloak)
rCorr    .         Harm     .   (no gloves)
MR       .....                  (no boots)
Stlth    +.........             (no amulet)
HPRegen  0.05/turn              (no ring)
MPRegen  0.09/turn              (no ring)

@: appendage
A: horns 2, high mp 1
a: End Transformation


You were on level 1 of the Dungeon.
You were not hungry.
You had grown temporary horns.
You visited 1 branch of the dungeon, and saw 1 of its levels.

You collected 16 gold pieces.

Inventory:

Hand Weapons
 a - a +0 whip (weapon)
Missiles
 e - 12 arrows
Armour
 b - a +0 robe (worn)
Scrolls
 h - a scroll of recharging {unknown}
 i - a scroll of identify {unknown}
Potions
 g - a potion of magic {unknown}
Books
 c - a book of Changes

   Spells                             Type                      Level
   a - Beastly Appendage              Transmutation                1
   b - Sticks to Snakes               Transmutation                2
   c - Spider Form                    Transmutation/Poison         3
   d - Ice Form                       Ice/Transmutation            4
   e - Blade Hands                    Transmutation                5
Comestibles
 d - a bread ration
 f - 4 fruits


   Skills:
 - Level 0.8 Fighting
 - Level 1.7 Dodging
 - Level 2.6 Unarmed Combat
 - Level 2.0 Spellcasting
 + Level 2.1 Transmutations


You had 3 spell levels left.
You knew the following spells:

 Your Spells              Type           Power        Failure   Level  Hunger
e - Beastly Appendage     Tmut           #.....       8%          1    #......


Dungeon Overview and Level Annotations

Branches:
Dungeon (1/15)


Innate Abilities, Weirdness & Mutations

You have an increased reservoir of magic. (+10% MP)
You have a pair of horns on your head.


Message History

Casting: Beastly Appendage
Confirm with . or Enter, or press ? or * to list all spells.
You grow a pair of large bovine horns.
The rat closely misses you.
You hit the rat.
You kill the rat!
Found an escape hatch in the floor.
h - a scroll labeled GUWIHI DABYCA A jackal comes into view.
A hobgoblin comes into view. It is wielding a club.
Your transformation is almost over.
The jackal barks!
The jackal closely misses you.
The hobgoblin shouts!
The jackal bites you.
You completely miss the jackal. You headbutt the jackal.
Your punch misses the jackal.
The jackal is severely wounded.
The jackal bites you.
You hit the jackal but do no damage.
The jackal is severely wounded.
The jackal closely misses you. x2
A bat comes into view.
You hit the jackal.
You kill the jackal!
Your Transmutations skill increases to level 2!
Your horns disappear.
Casting: Beastly Appendage
Confirm with . or Enter, or press ? or * to list all spells.
You grow a pair of large bovine horns.
You closely miss the hobgoblin. The hobgoblin hits you with a club.
You hit the hobgoblin.
The hobgoblin is almost dead.
The hobgoblin misses you.
You hit the hobgoblin.
You kill the hobgoblin!
The bat barely misses you. The bat misses you.
You see here a club.
The bat hits you.
* * * LOW HITPOINT WARNING * * *
You hit the bat.
You kill the bat!
Your transformation is almost over.
Things that are here:
a club; a bat corpse Wield which item (- for none, * to show all)? (? for menu, Esc to quit)
e - 12 arrows (in hand)
You swing at nothing.
You swing at nothing.
You swing at nothing.
You swing at nothing.
You swing at nothing.
You swing at nothing.
You swing at nothing.
Your horns disappear.
You swing at nothing.
You swing at nothing.
You swing at nothing.
You swing at nothing.
You swing at nothing.
You swing at nothing.
You swing at nothing.
You swing at nothing.
You swing at nothing.
You swing at nothing.
You swing at nothing.
You swing at nothing.
You swing at nothing.
You swing at nothing.
Wield which item (- for none, * to show all)? (? for menu, Esc to quit)
a - a +0 whip (weapon)
Found a stone staircase leading down.
Found a scroll labeled ROTTYU USAH.
i - a scroll labeled ROTTYU USAH A rat comes into view.
There is a stone staircase leading down here.
An ooze comes into view.
Found a bread ration.
You hit the rat.
You kill the rat!
The ooze quivers.
Casting: Beastly Appendage
Confirm with . or Enter, or press ? or * to list all spells.
You grow a pair of large bovine horns.
You hit the ooze.
The ooze is lightly wounded.
The ooze hits you.
* * * LOW HITPOINT WARNING * * *
You hit the ooze.
The ooze is severely wounded.
The ooze hits you.
* * * LOW HITPOINT WARNING * * *
You hit the ooze but do no damage.
The ooze is severely wounded.
The ooze hits you but does no damage.
You hit the ooze.
The ooze is almost dead.
The ooze hits you.
You die...

# ##.... .. . ......
##.. .# ##.>.. ##.. .#
##... #..# #.# #... #.
#...#..# #.##
##.%######.#...# #.#
........##.##.# #.#
#....J@...##.#######.##
........................
##.........>..##########
##############


You could see an ooze.

Vanquished Creatures
  A hobgoblin (D:1)
  3 jackals (D:1)
  A bat (D:1)
  3 rats (D:1)
8 creatures vanquished.

Notes
Turn   | Place    | Note
-------+----------+-------------------------------------------
     0 | D:1      | tidbits the Demigod Transmuter began the quest for the Orb.
     0 | D:1      | Reached XP level 1. HP: 15/15 MP: 5/5
    93 | D:1      | Reached skill level 2 in Spellcasting
   151 | D:1      | Reached skill level 2 in Transmutations
   214 | D:1      | HP: 1/15 [ooze (5)]
   216 | D:1      | Slain by an ooze

Vault maps used:
D:1:      dpeg_arrival_rhombus

Skill      XL: |  1 |
---------------+----+-----
Spellcasting   | 2 |  2.0
Transmutations | 2 |  2.1
Fighting       | |  0.8
Dodging        | |  1.7
Unarmed Combat | |  2.6

Action                   || total
-------------------------++-------
Melee: Whip              ||    26
       Headbutt          ||     1
 Cast: Beastly Appendage ||     5
 Stab: Sleeping          ||     1
Armor: Robe              ||     5
Dodge: Dodged            ||    15

Table legend:
 A = Spawn XP
 B = Non-spawn XP
 C = Spawn XP percentage of total XP
 D = Spawn monster count
 E = Non-spawn monster count
 F = Spawn count percentage of total count
 G = Total turns spent on level
                    A         B        C        D         E        F      G
               +---------+---------+-------+---------+---------+-------+---------
         Total |       0 |      12 |   0.0 |       0 |       8 |   0.0 |   216
               +---------+---------+-------+---------+---------+-------+---------
           D:1 |       0 |      12 |   0.0 |       0 |       8 |   0.0 |   216
               +---------+---------+-------+---------+---------+-------+---------

Table legend:
 A = Turns spent in this place as a percentage of turns spent in the entire game.
 B = Non-inter-level travel turns spent in this place as a percentage of non-inter-level travel turns spent in the entire game.
 C = Inter-level travel turns spent in this place as a percentage of turns spent in this place.
 D = Turns resting spent in this place as a percentage of non-inter-level travel turns spent in this place.
 E = Turns spent auto-exploring this place as a percentage of non-inter-level travel turns spent in this place.
 F = Non-inter-level travel turns spent in this place divided by the number of levels of this place that you've seen.
                   A       B       C       D       E      F
               +-------+-------+-------+-------+-------+----------------------
         Total | 100.0 | 100.0 |   0.0 |   0.0 |   0.0 | 216.0
       Dungeon | 100.0 | 100.0 |   0.0 |   0.0 |   0.0 | 216.0
               +-------+-------+-------+-------+-------+----------------------

Table legend:
 A = Kills in this place as a percentage of kills in entire the game.
 B = Kills by you in this place as a percentage of kills by you in the entire game.
 C = Kills by friends in this place as a percentage of kills by friends in the entire game.
 D = Other kills in this place as a percentage of other kills in the entire game.
 E = Experience gained in this place as a percentage of experience gained in the entire game.
 F = Experience gained in this place divided by the number of levels of this place that you have seen.
                   A       B       C       D       E      F
               +-------+-------+-------+-------+-------+----------------------
         Total | 100.0 | 100.0 |   N/A |   N/A | 100.0 |  12.0
       Dungeon | 100.0 | 100.0 |   N/A |   N/A | 100.0 |  12.0
               +-------+-------+-------+-------+-------+----------------------

Vault maps used:
D:1:      dpeg_arrival_rhombus
